 Dungeon Crawl Stone Soup version 0.21.1 (webtiles) character file.

5334 shakethe the Cruncher (level 10, -20/95 HPs)
             Began as a Minotaur Berserker on Feb 4, 2018.
             Was an Elder of Trog.
             Demolished by a death yak (24 damage)
             ... on level 10 of the Dungeon.
             The game lasted 00:28:13 (8742 turns).

shakethe the Cruncher (Minotaur Berserker)          Turns: 8742, Time: 00:28:14

Health: -20/95     AC:  8    Str: 23    XL:     10   Next: 38%
Magic:  9/9        EV: 11    Int:  4    God:    Trog [****..]
Gold:   223        SH:  0    Dex: 12    Spells: 9/9 levels left

rFire    . . .     SeeInvis .   r - +4 quarterstaff (chaos)
rCold    . . .     Gourm    .   (shield currently unavailable)
rNeg     . . .     Faith    .   i - +0 chain mail
rPois    .         Spirit   .   (helmet restricted)
rElec    .         Reflect  .   (no cloak)
rCorr    .         Harm     .   (no gloves)
MR       .....                  (no boots)
Stlth    ..........             (no amulet)
HPRegen  0.25/turn              J - +3 ring of evasion
MPRegen  0.11/turn              (no ring)

@: very slightly contaminated, invisible
A: retaliatory headbutt, horns 2
a: Berserk, Trog's Hand, Brothers in Arms, Burn Spellbooks, Renounce Religion


You were on level 10 of the Dungeon.
You worshipped Trog.
Trog was greatly pleased with you.
You were not hungry.

You visited 1 branch of the dungeon, and saw 10 of its levels.

You collected 515 gold pieces.
You spent 292 gold pieces at shops.

Inventory:

Hand Weapons
 a - a +1 mace
 n - a -2 flail
 p - a +0 dagger
 r - a +4 quarterstaff of chaos (weapon)
 t - a +0 mace of draining
 v - the +1 rapier "Beetlebane" {pierce, rPois Str+3 Dex-5}
   (You found it on level 4 of the Dungeon)

   It inflicts extra damage upon your enemies.
   It affects your strength (+3).
   It affects your dexterity (-5).
   It protects you from poison.
 y - a +0 morningstar
 E - a +1 short sword of protection
 O - a +1 war axe
Armour
 b - a +0 animal skin
 i - a +0 chain mail (worn)
 o - a +2 animal skin
 s - a +0 cloak
 u - a cursed +0 chain mail
Jewellery
 B - a cursed -2 ring of slaying
 J - a +3 ring of evasion (left hand)
Wands
 f - a wand of digging (18)
 q - a wand of flame (33)
 G - a wand of random effects (31)
 K - a wand of scattershot (7)
Scrolls
 e - 4 scrolls of teleportation
 j - 7 scrolls of identify
 m - a scroll of enchant weapon
 x - 4 scrolls of remove curse
 C - a scroll of magic mapping
 F - 2 scrolls of amnesia
 H - a scroll of enchant armour
Potions
 d - 3 potions of lignification
 g - 3 potions of mutation
 h - 2 potions of heal wounds
 k - 2 potions of magic
 l - 4 potions of curing
 w - a potion of flight
 z - 3 potions of resistance
 A - 2 potions of agility
 I - a potion of brilliance
 M - a potion of might
 N - a potion of haste
Comestibles
 c - 12 rations


   Skills:
 + Level 11.1 Fighting
 - Level 8.5(11.6) Maces & Flails
 * Level 12.6(13.5) Staves
 - Level 2.4 Armour
 - Level 2.1 Dodging


You had 9 spell levels left.
You didn't know any spells.

Dungeon Overview and Level Annotations

Branches:
Dungeon (10/15)            Temple (0/1) D:7            Lair (0/6) D:10
    Orc: D:9-12

Altars:
Dithmenos
Gozag
Hepliaklqana
Makhleb
Nemelex Xobeh
Okawaru
Qazlal
Sif Muna
Wu Jian
Yredelemnul

Shops:
D:5 =   D:9 !

Annotations:
D:10 shakethe's ghost, novice MiBe


Innate Abilities, Weirdness & Mutations

You reflexively headbutt those who attack you in melee.
You have a pair of horns on your head.


Message History

You climb downwards.
Shakethe's ghost (novice Minotaur Berserker) comes into view.
It is wielding an antimagic weapon.
The death yak bellows! x2; You hear a bellow!
You hear a shout! x2
The death yak gores you! x2; The death yak gores you!! x2
* * * LOW HITPOINT WARNING * * *
The death yak barely misses you. You furiously retaliate!
You headbutt the death yak, but do no damage.
The death yak gores you!
* * * LOW HITPOINT WARNING * * *
There is a stone staircase leading up, spattered with blood here.
You fade into invisibility!
The death yak closely misses you. The death yak misses you.
The death yak barely misses you.
The death yak gores you but does no damage.
The death yak gores you!
* * * LOW HITPOINT WARNING * * *
The death yak barely misses you.
You are very lightly contaminated with residual magic.
The death yak gores you!!
You die...

#.. ##
...##.#
.......
.......##+###
............#
........}...#
.......YYY..#
...>...Y@Y..#
.......Y.Y..#
...##.......+
. .........#
#..W...##+##
#......#
.......##
..##.##


You could see 7 death yaks and shakethe's ghost.

Vanquished Creatures
  A death yak (D:9)
  2 two-headed ogres
  The ghost of Baril the Digger, a novice GrEE of Vehumet (D:8)
  Sigmund (D:2)
  Eustachio (D:6)
  A steam dragon (D:9)
  A hungry ghost (D:9)
  Menkaure (D:7)
  2 water moccasins
  An ice beast (D:9)
  An orc warrior (D:8)
  3 sky beasts
  6 centaurs
  3 ogres
  3 bullfrogs
  2 scorpions
  3 wights (D:9)
  A howler monkey (D:7)
  A crimson imp (D:6)
  Crazy Yiuf (D:3)
  A centaur skeleton (D:6)
  2 jellies
  An orc wizard (D:5)
  3 iguanas
  Ijyb (D:3)
  5 worker ants
  A killer bee zombie (D:8)
  A hound zombie (D:5)
  A hound skeleton (D:6)
  Robin (D:3)
  12 adders
  2 oozes
  An adder skeleton (D:5)
  2 adder zombies
  3 worms
  3 dart slugs
  3 leopard geckos
  12 orcs
  7 giant cockroaches
  15 goblins
  6 hobgoblins
  5 jackals
  2 quokkas
  3 ball pythons
  4 bats
  2 frilled lizards
  6 kobolds
  A leopard gecko zombie (D:6)
  6 rats
148 creatures vanquished.

Vanquished Creatures (others)
  An iguana (D:5)
1 creature vanquished.

Grand Total: 149 creatures vanquished

Notes
Turn   | Place    | Note
-------+----------+-------------------------------------------
     0 | D:1      | shakethe the Minotaur Berserker began the quest for the Orb.
     0 | D:1      | Reached XP level 1. HP: 19/19 MP: 0/0
     5 | D:1      | Noticed an anaconda
     8 | D:1      | Noticed an elephant
    87 | D:1      | Reached XP level 2. HP: 12/27 MP: 1/1
   431 | D:1      | Reached ** piety under Trog
   780 | D:2      | Reached XP level 3. HP: 33/33 MP: 2/2
  1262 | D:2      | Reached skill level 5 in Maces & Flails
  1268 | D:2      | Noticed Sigmund
  1524 | D:2      | Killed Sigmund
  1524 | D:2      | Reached skill level 5 in Fighting
  1524 | D:2      | Reached XP level 4. HP: 36/42 MP: 3/3
  1524 | D:2      | Reached XP level 5. HP: 41/48 MP: 4/4
  1731 | D:2      | Noticed an ogre
  1739 | D:2      | Killed an ogre
  1739 | D:2      | Reached XP level 6. HP: 21/56 MP: 5/5
  2116 | D:3      | Found a hazy altar of Hepliaklqana.
  2323 | D:3      | Noticed Ijyb
  2328 | D:3      | Killed Ijyb
  2634 | D:3      | Found a faded altar of an unknown god.
  3182 | D:3      | Noticed Robin
  3206 | D:3      | Killed Robin
  3333 | D:3      | Found a runed door.
  3451 | D:3      | Noticed Crazy Yiuf
  3460 | D:3      | Killed Crazy Yiuf
  3609 | D:4      | Got a twisted rapier
  3761 | D:4      | Noticed a fire elemental
  3762 | D:4      | Found a stormy altar of Qazlal.
  3892 | D:4      | Noticed an air elemental
  3895 | D:4      | Noticed a water elemental
  4212 | D:5      | Entered Level 5 of the Dungeon
  4217 | D:5      | Reached *** piety under Trog
  4217 | D:5      | Reached XP level 7. HP: 64/64 MP: 6/6
  4318 | D:5      | Identified the +1 rapier "Beetlebane" {pierce, rPois Str+3 Dex-5} (You found it on level 4 of the Dungeon)
  4397 | D:5      | Found a basalt altar of Yredelemnul.
  4411 | D:5      | Reached skill level 2 in Staves
  4444 | D:5      | Found Ymyod's Jewellery Shop.
  4538 | D:5      | Bought a cursed -2 ring of slaying for 22 gold pieces
  4586 | D:5      | Found a shadowy altar of Dithmenos.
  4625 | D:5      | Reached skill level 3 in Staves
  4627 | D:5      | Reached skill level 4 in Staves
  4822 | D:5      | Reached XP level 8. HP: 73/73 MP: 7/7
  5235 | D:6      | Reached skill level 5 in Staves
  5287 | D:6      | Noticed Eustachio
  5313 | D:6      | Killed Eustachio
  5313 | D:6      | Reached skill level 6 in Staves
  5606 | D:6      | Noticed a two-headed ogre
  5611 | D:6      | Killed a two-headed ogre
  5611 | D:6      | Reached skill level 8 in Staves
  5611 | D:6      | Reached XP level 9. HP: 83/83 MP: 8/8
  5737 | D:6      | Reached skill level 9 in Staves
  6346 | D:7      | Found a deep blue altar of Sif Muna.
  6412 | D:7      | Noticed Menkaure
  6423 | D:7      | Killed Menkaure
  6448 | D:7      | Reached skill level 10 in Staves
  6509 | D:7      | Found a staircase to the Ecumenical Temple.
  6538 | D:7      | Found an iron altar of Okawaru.
  6579 | D:7      | Found an opulent altar of Gozag.
  6661 | D:7      | Found an ornate altar of the Wu Jian Council.
  6975 | D:8      | Noticed a two-headed ogre
  6980 | D:8      | Killed a two-headed ogre
  6980 | D:8      | Reached skill level 10 in Fighting
  6980 | D:8      | Reached skill level 11 in Staves
  7090 | D:8      | Noticed Baril's ghost (novice GrEE)
  7102 | D:8      | Killed Baril's ghost
  7107 | D:8      | Found a burning altar of Makhleb.
  7343 | D:8      | Reached XP level 10. HP: 87/94 MP: 9/9
  7779 | D:9      | Found a hazy altar of Hepliaklqana.
  7826 | D:9      | Found Doitarau's Distillery.
  7837 | D:9      | Bought a potion of heal wounds for 50 gold pieces
  7837 | D:9      | Bought a potion of might for 40 gold pieces
  7837 | D:9      | Bought a potion of haste for 100 gold pieces
  7837 | D:9      | Bought a potion of mutation for 80 gold pieces
  7930 | D:9      | Found a sparkling altar of Nemelex Xobeh.
  7941 | D:9      | Reached **** piety under Trog
  8153 | D:9      | Reached skill level 12 in Staves
  8422 | D:10     | Entered Level 10 of the Dungeon
  8422 | D:10     | Found a staircase to the Lair.
  8422 | D:10     | Noticed a death yak
  8422 | D:10     | Noticed a death yak
  8422 | D:10     | Noticed a death yak
  8422 | D:10     | Noticed a death yak
  8422 | D:10     | Noticed a death yak
  8422 | D:10     | Noticed a death yak
  8422 | D:10     | Noticed a death yak
  8422 | D:10     | Noticed a death yak
  8422 | D:10     | Noticed a death yak
  8433 | D:9      | Killed a death yak
  8740 | D:10     | Noticed shakethe's ghost (novice MiBe)
  8741 | D:10     | HP: 4/95 [death yak (7)]
  8742 | D:10     | Demolished by a death yak

Skill      XL: |  1  2  3  4  5  6  7  8  9 10 |
---------------+-------------------------------+-----
Maces & Flails | 4 6 7 8 |  8.5
Fighting       | 4 5 6 7 9 10 11 | 11.1
Staves         | 4 8 11 12 | 12.6
Armour         | |  2.4
Dodging        | |  2.1

Action                   |  1- 3 |  4- 6 |  7- 9 | 10-12 || total
-------------------------+-------+-------+-------+-------++-------
Melee: Mace              |    80 |    37 |       |       ||   117
       Headbutt          |    12 |    21 |    24 |    11 ||    68
       Flail             |       |    84 |     5 |       ||    89
       Quarterstaff      |       |       |   142 |    50 ||   192
Invok: Berserk           |     2 |     3 |     3 |     1 ||     9
       Trog's Hand       |       |     1 |       |       ||     1
  Use: Scroll            |       |     4 |     1 |     9 ||    14
       Potion            |       |       |       |     1 ||     1
 Stab: Paralysed         |       |       |     1 |       ||     1
  Eat: Ration            |     1 |     2 |     2 |     1 ||     6
       Chunk             |       |     6 |     5 |     3 ||    14
Armor: Animal skin       |    16 |       |       |       ||    16
       Chain mail        |     4 |    55 |    55 |    13 ||   127
Dodge: Dodged            |    67 |    45 |    65 |    15 ||   192
